 Dungeon Crawl Stone Soup version 0.29.0-7-g18a832c13a (webtiles) character file.

Game seed: 15303129162603186238

10 ImASeal the Sneak (level 2, -5/24 HPs)
             Began as a Human Delver on Aug 31, 2022.
             Killed from afar by a white imp (11 damage)
             ... with a puff of frost
             ... on level 5 of the Dungeon.
             The game lasted 00:02:59 (412 turns).

ImASeal the Sneak (Human Delver)                     Turns: 412, Time: 00:03:00

Health: -5/24      AC:  3    Str: 12    XL:     2   Next: 30%
Magic:  2/2        EV: 12    Int: 10    God:
Gold:   48         SH:  0    Dex: 14    Spells: 1/1 levels left

rFire   . . .      SeeInvis .   a - +0 spear
rCold   . . .      Faith    .   (no shield)
rNeg    . . .      Spirit   .   b - +0 leather armour
rPois   .          Reflect  .   (no helmet)
rElec   .          Harm     .   (no cloak)
rCorr   .          Rampage  .   (no gloves)
Will    .....                   (no boots)
Stlth   +++.......              (no amulet)
HPRegen 0.08/turn               (no ring)
MPRegen 0.08/turn               (no ring)

@: no status effects
A: no striking features
a: no special abilities


You were on level 5 of the Dungeon.
You visited 1 branch of the dungeon, and saw 1 of its levels.

You collected 48 gold pieces.

Inventory:

Hand Weapons
 a - a +0 spear (weapon)
Armour
 b - a +0 leather armour (worn)
Wands
 g - a wand of digging (3)
Scrolls
 c - a scroll of fog
 d - a scroll of magic mapping
 e - a scroll of fear
 h - a scroll of teleportation {unknown}
Potions
 f - a potion of haste


   Skills:
 + Level 3.1 Fighting
 + Level 2.0 Polearms
 + Level 2.0 Dodging
 + Level 5.3 Stealth


You had one spell level left.
You didn't know any spells.
Your spell library was empty.

Dungeon Overview and Level Annotations

Branches:
Dungeon (5/15)
 Temple: D:4-7

Altars:
Dithmenos

Shops:
D:5 [!(*


Message History

Found Cotad's Assorted Antiques.
Found Awalomn's Antique Armour Boutique.
Found Vebroshof's Antique Weapon Boutique.
A white imp comes into view.
The white imp shouts, "Away with thee, thou plume-plucked limp-willed lewdster!"
You hear a shout!
There is an entrance to Rouphogu's Distillery here.
An orc comes into view. It is wielding a +0 club.
There is a fountain of clear blue water here.
An orc comes into view.
It is wielding a +0 mace and quivering atropa-tipped darts.
The orc moves out of view.
There is an entrance to Cotad's Assorted Antiques here.
The white imp gestures at you. The puff of frost hits you.
The white imp gestures at you. The puff of frost misses you.
The white imp gestures at you. The puff of frost hits you.
You reach to attack!
You hit the white imp.
The white imp is moderately wounded.
You hit the white imp.
The white imp is heavily wounded.
The white imp barely misses you.
You hit the white imp but do no damage.
The white imp is heavily wounded.
The white imp gestures at you. The puff of frost misses you.
The orc hits you with a +0 club.
You hit the white imp.
The white imp is almost dead.
The white imp gestures at you. The puff of frost hits you!
* * * LOW HITPOINT WARNING * * *
The orc barely misses you.
You are too injured to fight recklessly!
You are too injured to fight recklessly!
You hit the white imp but do no damage.
The white imp is almost dead.
The white imp gestures at you. The puff of frost hits you!
You die...

#...#.#.#.#......#
....∩.⌠.∩.......#.
###+#.#.#o#.#.#.....
.......⌠.8.⌠....#.##
......#.#.#.#......#.
.......∩.⌠.∩.........
#
......#.#.#.#.#.####.
# ###.#.......o5# # #
#.##.#..##.@# ###
##....#......# ..
........###.## .#
##......#..... .#
#..#.#.#.#.### .##
#..#.#.#.#.# ..#
#..#.#.....#
..####......#.###
[....##.......#


You could see a white imp and an orc.

Vanquished Creatures
  An adder (D:5)
  A jackal (D:5)
2 creatures vanquished.

Notes
Turn   | Place    | Note
-------+----------+-------------------------------------------
     0 | D:5      | ImASeal the Human Delver began the quest for the Orb.
     0 | D:5      | Reached XP level 1. HP: 18/18 MP: 1/1
    56 | D:5      | Found a shadowy altar of Dithmenos.
    63 | D:5      | Reached XP level 2. HP: 21/24 MP: 2/2
   186 | D:5      | Noticed a black bear
   388 | D:5      | Found Rouphogu's Distillery.
   389 | D:5      | Found Cotad's Assorted Antiques.
   392 | D:5      | Found Awalomn's Antique Armour Boutique.
   394 | D:5      | Found Vebroshof's Antique Weapon Boutique.
   412 | D:5      | Killed from afar by a white imp

Illustrated notes

Levels and vault maps discovered:
D:5:      layout_basic, nicolae_dithmenos_the_darkroom,
          minmay_temple_entry_poolview, minmay_shop_grid_forest

Action                   || total
-------------------------++-------
Melee: Spear             ||    13
 Stab: Sleeping          ||     1
Dodge: Dodged            ||     9
